 Dungeon Crawl Stone Soup version 0.31-a0-355-g57cb03d3e8 (webtiles) character file.

Game seed: 8959693082670384341

65 LustLizard the Ruffian (level 4, 0/29 HPs)
             Began as an Octopode Shapeshifter on July 25, 2023.
             Succumbed to an adder's poison
             ... on level 2 of the Dungeon.
             The game lasted 00:02:18 (1332 turns).

LustLizard the Ruffian (Octopode Shapeshifter)      Turns: 1332, Time: 00:02:18

Health: 0/29       AC:  1    Str: 22    XL:     4   Next: 14%
Magic:  4/4        EV: 13    Int: 10    God:
Gold:   49         SH:  0    Dex: 12    Spells: 3/3 levels left

rFire   . .          .
                       - Unarmed
rCold   . . .        (no shield)
rNeg    . . .        (helmet currently unavailable)
rPois   .            (no amulet)
rElec   .            l - +6 ring of strength
rCorr   .            (no ring)
SInv    .            (no ring)
Will    +....        (no ring)
Stlth   +++          (no ring)
HPRegen 0.24/turn    (no ring)
MPRegen 0.09/turn    (no ring)
                     (no ring)

%: no passive effects
@: mighty, lethally poisoned (0 -> -3), beast-form, attractive, enlightened,
flying
A: beast (slay +2), almost no armour, amphibious, 8 rings, camouflage 1,
gelatinous body 1, (nimble swimmer 1), tentacles
a: Begin Untransformation


You were on level 2 of the Dungeon.
You were a hulking beast.
You visited 1 branch of the dungeon, and saw 2 of its levels.

You collected 49 gold pieces.

Inventory:

Missiles
 i - 4 poisoned darts
Jewellery
 l - a +6 ring of strength (left tentacle)
Talismans
 b - a beast talisman
 k - a maw talisman
Scrolls
 g - a scroll of fear {unknown}
Potions
 a - 2 potions of lignification
 c - a potion of enlightenment
 e - a potion of heal wounds {unknown}
 f - a potion of curing {unknown}
 h - a potion of attraction
 j - a potion of degeneration {unknown}


   Skills:
 + Level 1.8 Fighting
 - Level 2.0 Dodging
 + Level 2.0 Stealth
 * Level 3.8 Unarmed Combat
 + Level 3.3 Shapeshifting


You had 3 spell levels left.
You didn't know any spells.
Your spell library contained the following spells:

 Spells                   Type           Power      Damage    Failure   Level
 Sandblast                Erth           0%         2d4       36%         1
 Passwall                 Tmut/Erth      0%         N/A       50%         2
 Stone Arrow              Conj/Erth      0%         3d7       75%         3


Dungeon Overview and Level Annotations

Branches:
Dungeon (2/15)

Altars:


Innate Abilities, Weirdness & Mutations

You are a hulking beast.
Your limbs bulge with bestial killing power. (Slay +2)
You cannot wear most types of armour.
You are amphibious.
You can wear up to eight rings at the same time.
Your skin changes colour to match your surroundings (Stealth+).
Your rubbery body absorbs attacks. (AC +1, EV +1)
((You are camouflaged when in or above water. (Stealth+)))
You have tentacles for arms and can constrict up to eight enemies at once.


Message History

An adder is nearby!
Found a cyan potion.
The adder hisses angrily.
The adder bites you.
You miss the adder. Your grab misses the adder. The adder barely misses you.
The adder bites you.
You are poisoned.
The adder poisons you!
You closely miss the adder. You grab the adder. You constrict the adder.
You feel sick. The adder bites you.
You barely miss the adder.
The adder is lightly wounded.
You constrict the adder.
You feel sick. The adder bites you.
You are lethally poisoned!
The adder poisons you!
You tentacle-slap the adder but do no damage.
You squeeze the adder.
The adder is heavily wounded.
You constrict the adder.
* * * LOW HITPOINT WARNING * * *
You feel sick. The adder bites you.
* * * LOW HITPOINT WARNING * * *
You bludgeon the adder!
You kill the adder!
* * * LOW HITPOINT WARNING * * *
You feel sick.
Your Stealth skill increases to level 2!
You have reached level 4!
It was a potion of enlightenment.
You feel very buoyant.
You fly up into the air.
* * * LOW HITPOINT WARNING * * *
You feel sick.
It was a potion of attraction.
You feel attractive to monsters.
* * * LOW HITPOINT WARNING * * *
You feel sick.
It was a potion of might.
You feel very mighty all of a sudden.
You die...

#####.....#.#.###.#..# #.#
#.....#.#.# #.#..# ##'###
#.....#.#.# #.#†.# #.....
#.....#.#.# #.#).# #.....
#.....#.#.# #)#..# #.....
#.....#.#.# #.#..# #..... ###
#.....#.#.# #.#..#.####....
#.##########.#.###!#..#.#...###.
#............#.h...#..#.......#.
##.######...##############...#.#.
#..(.....................#..##.#
#########...############.#..##.#.
#......#............#..##.#.
#......#.############...#.#.
#....##.................#.#.
#..(.#################.##.#.
#....##...........###.....#.


There were no monsters in sight!

Vanquished Creatures
  4 adders (D:2)
  A worm (D:2)
  3 bats
  An endoplasm (D:2)
  2 goblins
  3 hobgoblins
  A quokka (D:1)
  3 ball pythons
  3 frilled lizards
  4 kobolds
  3 rats (D:2)
28 creatures vanquished.

Notes
Turn   | Place    | Note
-------+----------+-------------------------------------------
     0 | D:1      | LustLizard the Octopode Shapeshifter began the quest for
                  | the Orb.
     0 | D:1      | Reached XP level 1. HP: 13/13 MP: 1/1
   277 | D:1      | Reached XP level 2. HP: 18/18 MP: 2/2
   328 | D:1      | Reached skill level 1 in Stealth
   626 | D:2      | Reached XP level 3. HP: 23/23 MP: 3/3
   858 | D:2      | Identified the +1 robe of Insurance {Contam Rampage Fly}
  1330 | D:2      | Reached XP level 4. HP: 3/29 MP: 4/4
  1331 | D:2      | HP: 1/29 [poisoned by an adder]
  1332 | D:2      | Succumbed to an adder's poison

Illustrated notes

Levels and vault maps discovered:
D:1:      matt_arrival_grand_opening, layout_rooms
D:2:      layout_basic

Skill      XL: |  1  2  3 |
---------------+----------+-----
Stealth        | 1 2 |  2.0
Fighting       | |  1.8
Dodging        | |  2.0
Unarmed Combat | |  3.8
Shapeshifting  | |  3.3

Action                     |  1- 3 |  4- 6 || total
---------------------------+-------+-------++-------
  Melee: Unarmed           |    41 |       ||    41
         Tentacles         |     9 |       ||     9
         Constrict         |     8 |       ||     8
         Punch             |     1 |       ||     1
    Use: Potion            |       |     3 ||     3
   Stab: Sleeping          |     9 |       ||     9
 Armour: Skin              |     2 |       ||     2
  Dodge: Dodged            |    13 |       ||    13

Table legend: (Time is in decaauts)
 A = Elapsed time spent in this place.
 B = Non-inter-level travel time spent in this place.
 C = Inter-level travel time spent in this place.
 D = Time resting spent in this place.
 E = Time spent auto-exploring this place.
 F = Levels seen in this place.
 G = Mean time per level.
                   A        B        C        D        E       F      G
               +--------+--------+--------+--------+--------+-----+--------+
         Total |   1328 |   1253 |     75 |     19 |    998 |   2 |  664.0 |
       Dungeon |   1328 |   1253 |     75 |     19 |    998 |   2 |  664.0 |
               +--------+--------+--------+--------+--------+-----+--------+

Top non-repeatable levels by time:
     D:2: 846 daAuts
     D:1: 482 daAuts
